 Dungeon Crawl Stone Soup version 0.32-a0-732-ga344392067 (webtiles) character file.

Game seed: 3589780611783504785

219 gimp the Chopper (level 5, -7/34 HPs)
             Began as a Gargoyle Berserker on Mar 17, 2024.
             Was a Believer of Trog.
             Killed by divine providence
             ... invoked by an orc priest
              (13 damage)
             ... on level 3 of the Dungeon.
             The game lasted 00:03:49 (1979 turns).

gimp the Chopper (Gargoyle Berserker)               Turns: 1979, Time: 00:03:49

Health: -7/34      AC: 11    Str: 20    XL:     5   Next: 96%
Magic:  5/5        EV: 11    Int:  8    God:    Trog [**....]
Gold:   152        SH:  0    Dex: 17    Spells: 4/4 levels left

rFire   . . .        a - +0 hand axe
rCold   + . .        (no shield)
rNeg    + . .        i - +2 robe {rC+}
rPois   ∞            k - +2 helmet
rElec   +            (no cloak)
rCorr   .            (no gloves)
SInv    .            (no boots)
Will    .....        (no amulet)
Stlth   ++           h - +6 ring of dexterity
HPRegen 0.25/turn    (no ring)
MPRegen 0.09/turn

%: no passive effects
@: on berserk cooldown, slowed, very slow
A: sickness immunity, AC +4, negative energy resistance 1, electricity
resistance, torment resistance 1, petrification resistance
a: Renounce Religion, Berserk, Trog's Hand


You were on level 3 of the Dungeon.
You worshipped Trog.
Trog was pleased with you.
You visited 1 branch of the dungeon, and saw 3 of its levels.

You collected 152 gold pieces.

Inventory:

Hand Weapons
 a - a +0 hand axe (weapon)
Missiles
 p - 2 curare-tipped darts
Armour
 i - a +2 robe of cold resistance (worn)
 k - a +2 helmet (worn)
Jewellery
 b - a ring of flight
 h - a +6 ring of dexterity (left hand)
 j - a ring of magical power
Wands
 m - a wand of flame (23)
 q - a wand of paralysis (9)
Scrolls
 e - a scroll of teleportation {unknown}
 g - 2 scrolls of immolation {unknown}
 l - a scroll of identify {unknown}
Potions
 c - 2 potions of curing {unknown}
 d - a potion of heal wounds {unknown}
 f - a potion of attraction {unknown}
 n - a potion of haste {unknown}
 o - a potion of might {unknown}
 r - a potion of degeneration {unknown}


   Skills:
 + Level 4.8 Fighting
 * Level 5.0 Axes
 - Level 2.1 Armour
 - Level 1.5 Dodging


You had 4 spell levels left.
You didn't know any spells.
Your spell library was empty.

Dungeon Overview and Level Annotations

Branches:
Dungeon (3/15)

Altars:
Xom

Annotations:
D:2 1 runed translucent door, exclusion: door, Crazy Yiuf


Innate Abilities, Weirdness & Mutations

You are immune to sickness and miasma.
Your stone body is resilient. (AC +4)
You are immune to poison.
You resist negative energy. (rN+)
You are resistant to electric shocks. (rElec)
You are resistant to unholy torment.
You are immune to petrification.


Message History

You barely miss the orc.
The orc is heavily wounded.
The orc hits you but does no damage.
You hit the orc.
The orc is heavily wounded.
The orc barely misses you.
You slash the orc!
You kill the orc!
Trog accepts your kill.
No target in view!
No target in view!
You see here a +0 mace.
You now have 152 gold pieces (gained 19).
You open the door.
There is an open door here.
r - a yellow potion An endoplasm comes into view.
An endoplasm is nearby!
The endoplasm quivers.
You hit the endoplasm.
The endoplasm is moderately wounded.
The endoplasm hits you but does no damage.
You completely miss the endoplasm.
The endoplasm is moderately wounded.
The endoplasm closely misses you. x2
You hit the endoplasm.
You kill the endoplasm!
Trog accepts your kill.
An orc comes into view.
It is wielding a +0 dagger. 2 orcs come into view.
Found a shimmering altar of Xom.
The orc shouts!
There are monsters nearby!
There are monsters nearby!
An orc priest and an orc come into view.
The orc misses you.
The orc shouts!
You hit the orc.
The orc is heavily wounded.
The orc hits you but does no damage.
The orc priest looks satisfied for a moment.
You hit the orc.
The orc is severely wounded.
The orc hits you but does no damage.
You slash the orc!
You kill the orc!
Trog accepts your kill.
The orc priest begins to cast a cantrip, but forgets the words!
You hit the orc.
The orc is severely wounded.
The orc barely misses you.
You barely miss the orc.
The orc is severely wounded.
The orc hits you but does no damage.
You hit the orc but do no damage.
The orc is severely wounded.
The orc closely misses you.
You barely miss the orc.
The orc is severely wounded.
The orc closely misses you.
You hit the orc.
You kill the orc!
Trog accepts your kill.
A red film seems to cover your vision as you go berserk!
You feel yourself moving faster!
You feel mighty! The orc hits you with a +0 dagger.
You now have 50/51 hp.
You feel a strong urge to attack something.
The orc priest looks encouraged for a moment.
Health restored: 51 No target in range!
No target in range!
No target in range!
You feel your anger nearly subside.
You are no longer berserk.
You are exhausted.
You feel yourself slow down.
The orc priest calls down the wrath of Beogh upon you.
Beogh smites you!
Ouch! That really hurt!
You now have 17/34 hp.
You are too injured to fight recklessly!
You are too injured to fight recklessly!
You are too injured to fight recklessly!
You barely miss the orc priest.
The orc priest hits you but does no damage.
The orc closely misses you. The orc priest closely misses you.
You hit the orc priest.
The orc priest is heavily wounded.
You hit the orc. The orc hits you but does no damage.
The orc priest mumbles some strange prayers to Beogh against you.
Beogh smites you!
* * * LOW HITPOINT WARNING * * *
You take 11 damage, and have 6/34 hp.
MASSIVE DAMAGE!!
Okay, then.
You barely miss the orc priest.
The orc priest is heavily wounded.
You barely miss the orc.
The orc priest calls down the wrath of Beogh upon you.
Beogh smites you!
You die...

.................#
.##.##.####.##...#
.##.##.# #.##.#.#
.......# #.##.#.#
.##.#..## #.##.#.#
.##.#..##.#.##.#.#
............##...#
.##............oo#
.##.........##.≈@#
........... #.≈o#
.<#........ #)≈.#
.##........ #.§.#
.##........ #...#
........... .....
.##.#...... ..._..#
.##.......#.##....#
#.......... ......


You could see an orc priest and 2 orcs.

Vanquished Creatures
  A bombardier beetle (D:3)
  Jessica (D:2)
  An orc wizard (D:3)
  Robin (D:2)
  4 adders
  A dart slug (D:2)
  A ribbon worm (D:3)
  6 orcs (D:3)
  6 bats
  8 endoplasms
  4 giant cockroaches
  12 goblins
  10 hobgoblins
  A quokka (D:1)
  4 ball pythons
  2 frilled lizards (D:2)
  5 kobolds
  5 rats
73 creatures vanquished.

Notes
Turn   | Place    | Note
-------+----------+-------------------------------------------
     0 | D:1      | gimp the Gargoyle Berserker began the quest for the Orb.
     0 | D:1      | Reached XP level 1. HP: 14/14 MP: 1/1
   274 | D:1      | Reached skill level 3 in Axes
   274 | D:1      | Reached XP level 2. HP: 18/19 MP: 2/2
   774 | D:2      | Reached XP level 3. HP: 24/24 MP: 3/3
   801 | D:2      | Noticed Jessica
   814 | D:2      | Killed Jessica
   862 | D:2      | Reached ** piety under Trog
   863 | D:2      | Reached XP level 4. HP: 29/29 MP: 4/4
   874 | D:2      | Noticed Robin
   885 | D:2      | Reached skill level 4 in Axes
   892 | D:2      | Killed Robin
  1090 | D:2      | Found a runed translucent door.
  1091 | D:2      | Noticed Crazy Yiuf
  1470 | D:3      | Reached XP level 5. HP: 33/34 MP: 5/5
  1865 | D:3      | Reached skill level 5 in Axes
  1962 | D:3      | Found a shimmering altar of Xom.
  1979 | D:3      | Killed from afar by an orc priest

Illustrated notes

Levels and vault maps discovered:
D:1:      amcnicky_arrival_blooded_trapdoor, layout_basic
D:2:      layout_loops_ring, uniq_jessica, uniq_crazy_yiuf_cottage, uniq_robin
D:3:      layout_basic, mainiacjoe_overflow_boulevard

Skill      XL: |  1  2  3  4  5 |
---------------+----------------+-----
Axes           | 3 4 5 |  5.0
Fighting       | 4 |  4.8
Armour         | |  2.1
Dodging        | |  1.5

Action                     |  1- 3 |  4- 6 || total
---------------------------+-------+-------++-------
  Melee: Hand axe          |    74 |   163 ||   237
 Invoke: Berserk           |       |     3 ||     3
   Stab: Sleeping          |     3 |     1 ||     4
 Armour: Animal skin       |    48 |       ||    48
         Robe              |     3 |    84 ||    87
  Dodge: Dodged            |    31 |   100 ||   131

Table legend: (Time is in decaauts)
 A = Elapsed time spent in this place.
 B = Non-inter-level travel time spent in this place.
 C = Inter-level travel time spent in this place.
 D = Time resting spent in this place.
 E = Time spent auto-exploring this place.
 F = Levels seen in this place.
 G = Mean time per level.
                   A        B        C        D        E       F      G
               +--------+--------+--------+--------+--------+-----+--------+
         Total |   2029 |   1979 |     50 |      4 |   1409 |   3 |  676.3 |
       Dungeon |   2029 |   1979 |     50 |      4 |   1409 |   3 |  676.3 |
               +--------+--------+--------+--------+--------+-----+--------+

Top non-repeatable levels by time:
     D:2: 845 daAuts
     D:1: 616 daAuts
     D:3: 566 daAuts
